 Dungeon Crawl Stone Soup version 0.29-a0-317-gd16b76e6b1 (webtiles) character file.

Game seed: 12103176678755597699

202 Dabor the Magician (level 5, -5/39 HPs)
             Began as a Demonspawn Transmuter on Apr 1, 2022.
             Was a High Priest of Ignis.
             Killed by an exploding adder (12 damage)
             ... ignited by their inner flame
             ... in a sewer.
             The game lasted 00:04:19 (2597 turns).

Dabor the Magician (Demonspawn Transmuter)          Turns: 2597, Time: 00:04:19

Health: -5/39      AC:  2    Str: 13    XL:     5   Next: 50%
Magic:  7/9        EV: 13    Int: 14    God:    Ignis [*****.]
Gold:   93         SH:  0    Dex: 15    Spells: 6/10 levels left

rFire   + . .      SeeInvis .   f - +1 dagger (flame)
rCold   . . .      Faith    .   (no shield)
rNeg    . . .      Spirit   .   a - +0 robe
rPois   .          Reflect  .   (helmet currently unavailable)
rElec   .          Harm     .   (no cloak)
rCorr   +          Rampage  .   (no gloves)
Will    .....                   (boots currently unavailable)
Stlth   ++........              (no amulet)
HPRegen 0.13/turn               j - ring of resist corrosion
MPRegen 0.11/turn               (no ring)

@: appendages (expiring), very slightly contaminated
A: talons 2, horns 1, thin skeletal structure 1, foul stench 1, spiny 1
a: End Transformation, Renounce Religion, Fiery Armour, Foxfire Swarm, Rising
Flame


You were in a sewer.
You worshipped Ignis.
Ignis was extremely pleased with you.
You had temporarily grown beastly talons.
You visited 1 branch of the dungeon, and saw 3 of its levels.
You also visited: Sewer.

You collected 93 gold pieces.

Inventory:

Hand Weapons
 f - a +1 dagger of flaming (weapon)
Missiles
 m - 4 poisoned darts
Armour
 a - a +0 robe (worn)
 n - a +0 pair of boots (melded)
Jewellery
 c - a ring of ice
 j - a ring of resist corrosion (left hand)
Scrolls
 d - 2 scrolls of identify {unknown}
 h - 3 scrolls of teleportation
 q - a scroll of enchant weapon
Potions
 b - a potion of lignification
 e - 3 potions of attraction {unknown}
 i - a potion of magic {unknown}
 k - a potion of haste {unknown}
 l - a potion of curing {unknown}
 o - 2 potions of heal wounds {unknown}


   Skills:
 + Level 2.6 Fighting
 + Level 2.9 Dodging
 - Level 3.0 Unarmed Combat
 + Level 3.1 Spellcasting
 + Level 2.9 Transmutations


You had 6 spell levels left.
You knew the following spells:

 Your Spells              Type           Power      Damage    Failure   Level
a - Beastly Appendage     Tmut           20%        N/A       6%          1
b - Wereblood             Tmut           10%        N/A       10%         2
c - Animate Skeleton      Necr           4%         N/A       22%         1

Your spell library contained the following spells:

 Spells                   Type           Power      Damage    Failure   Level
 Apportation              Tloc           4%         N/A       22%         1
 Summon Small Mammal      Summ           8%         N/A       22%         1
 Corpse Rot               Necr/Air       4%         N/A       32%         2
 Spider Form              Tmut/Pois      6%         N/A       34%         3
 Ice Form                 Ice/Tmut       6%         N/A       75%         4
 Dispel Undead            Necr           2%         3d7       91%         4
 Death Channel            Necr           1%         N/A       100%        6


Dungeon Overview and Level Annotations

Branches:
Dungeon (3/15)              Sewer (1/1)

Altars:
Cheibriados
Ignis

Shops:
D:2 [   D:3 !

Portals:
Abyss: D:3

Annotations:
D:3 2 transporters, ouz's ghost, amateur VSBr


Innate Abilities, Weirdness & Mutations

You have temporarily grown beastly talons.
You have a pair of small horns on your head.
You have a somewhat thin skeletal structure. (Dex +2, Stealth+)
You may rarely emit foul miasma when damaged in melee.
You are partially covered in sharp spines.


Message History

You hit the adder.
You kill the adder!
The adder bites you. The adder is struck by your spines. The adder bites you.
You emit a cloud of foul miasma!
The bullfrog is struck by your spines.
The bullfrog closely misses you. x2; The adder barely misses you.
The adder is engulfed in dark miasma.
The adder is poisoned.
The adder is struck by your spines. The adder closely misses you.
You hit the adder.
You kill the adder!
The bullfrog barely misses you. The bullfrog is struck by your spines.
The bullfrog hits you. The bullfrog is struck by your spines.
The bullfrog hits you. The bullfrog is struck by your spines.
The bullfrog hits you!
* * * LOW HITPOINT WARNING * * *
You are too injured to fight recklessly!
You are too injured to fight recklessly!
Okay, then.
As you read the scroll labelled ZUHYLY CUQAIKH, it crumbles to dust.
It is a scroll of brand weapon.
Your +1 dagger of venom is engulfed in flames!
f - a +1 dagger of flaming (weapon)
The adder bites you.
* * * LOW HITPOINT WARNING * * *
The adder barely misses you. The bullfrog misses you.
The bullfrog hits you but does no damage.
As you read the scroll labelled WUD SOIMOBRI, it crumbles to dust.
The creatures around you are filled with an inner flame!
It was a scroll of immolation.
Your transformation is almost over.
The bullfrog hits you.
* * * LOW HITPOINT WARNING * * *
The adder is struck by your spines.
Flame seeps out of the adder.
The adder closely misses you. The bullfrog is struck by your spines.
Flame seeps out of the bullfrog.
The bullfrog hits you.
* * * LOW HITPOINT WARNING * * *
The adder is struck by your spines.
The adder explodes!
The fiery explosion engulfs the adder!!!
The fiery explosion engulfs you! You resist.
You die...

#≈≈≈≈≈≈#####
#≈≈≈†≈
#≈≈≈≈≈≈#
#≈≈≈≈≈
#≈≈≈≈≈≈#
#≈≈≈≈≈
#≈≈≈≈≈≈#
#≈≈≈≈≈
#≈≈≈≈≈≈#
#≈≈≈≈≈
#≈#≈≈≈≈#
##≈.≈.
#§§#≈≈≈#
#≈.[)≈
#§§○≈≈≈#
##.≈≈≈
#§@§≈≈≈#
#≈≈≈≈≈
#FF#≈≈≈#
#≈≈≈≈≈
#≈SJ≈≈≈#
#≈≈≈≈≈
#≈≈≈≈≈≈#
#≈≈≈≈≈
#≈≈≈≈≈≈#
#≈≈≈≈≈
#≈≈≈≈≈≈#
#≈≈≈≈≈
#≈≈≈≈≈≈#
#≈≈≈≈≈
#...≈≈##
#...≈≈
#......
#.....


You could see 2 bullfrogs, an endoplasm (inner flame) and a ball python (inner
flame).

Vanquished Creatures
  A mummy (D:3)
  A gnoll (D:1)
  11 adders
  3 river rats (Sewer)
  2 dart slugs (D:1)
  4 endoplasms
  4 giant cockroaches
  2 goblins
  5 hobgoblins
  3 kobolds (D:1)
  3 quokkas (D:3)
  12 ball pythons
  4 bats
  29 rats
84 creatures vanquished.

Notes
Turn   | Place    | Note
-------+----------+-------------------------------------------
     0 | D:1      | Dabor the Demonspawn Transmuter began the quest for the
                  | Orb.
     0 | D:1      | Reached XP level 1. HP: 15/15 MP: 3/3
   101 | D:1      | Found a faded altar of an unknown god.
   114 | D:1      | Prayed at the altar of an unknown god.
   114 | D:1      | Became a worshipper of Ignis, the Dying Flame
   345 | D:1      | Gained mutation: You are partially covered in sharp spines.
                  | [demonic ancestry]
   345 | D:1      | Reached XP level 2. HP: 21/21 MP: 3/5
   724 | D:1      | Learned a level 2 spell: Wereblood
   823 | D:1      | Mutation became permanent: You have a pair of small horns
                  | on your head. [demonic ancestry]
   823 | D:1      | Gained mutation: You have a pair of horns on your head.
                  | [demonic ancestry]
   823 | D:1      | Reached XP level 3. HP: 24/26 MP: 4/6
  1642 | D:2      | Gained mutation: You have a somewhat thin skeletal
                  | structure. (Dex +2, Stealth+) [demonic ancestry]
  1642 | D:2      | Reached XP level 4. HP: 30/33 MP: 7/7
  1918 | D:2      | Found Enlic's Armour Shop.
  2176 | D:3      | Learned a level 1 spell: Animate Skeleton
  2182 | D:3      | Found a snail-covered altar of Cheibriados.
  2244 | D:3      | Found a transporter.
  2246 | D:3      | Found a one-way gate to the infinite horrors of the Abyss.
  2246 | D:3      | Noticed ouz's ghost (amateur VSBr)
  2249 | D:3      | Found a transporter.
  2262 | D:3      | Found Zouloos's Distillery.
  2351 | D:3      | Found a glowing drain.
  2355 | Sewer    | Entered a sewer
  2390 | Sewer    | Gained mutation: You may rarely emit foul miasma when
                  | damaged in melee. [demonic ancestry]
  2390 | Sewer    | Reached XP level 5. HP: 38/39 MP: 7/9
  2597 | Sewer    | Killed by an exploding adder... ignited by their inner
                  | flame

Illustrated notes

Levels and vault maps discovered:
D:1:      elethiomel_arrival_infinity_welcomes_careful_drivers, layout_rooms,
          basic_ecumenical_altar, lemuel_old_faithful
D:2:      layout_basic, serial_shops, nicolae_lakefront_shop
D:3:      layout_basic, slow_altar_1, mainiacjoe_overflow_24_doors,
          serial_shops, nicolae_shop_trees, shop_fountains,
          gammafunk_ghost_abyssal_escape, gup_sewer_entry_spiral,
          wander_ebering_terrifying_dragon_lair
Sewer:    sewer_minmay_w

Skill      XL: |  1  2  3  4  5 |
---------------+----------------+-----
Dodging        | 2 |  2.9
Transmutations | 2 |  2.9
Unarmed Combat | 3 |  3.0
Fighting       | 2 |  2.6
Spellcasting   | 3 |  3.1

Action                   |  1- 3 |  4- 6 || total
-------------------------+-------+-------++-------
Melee: Unarmed           |    14 |       ||    14
       Headbutt          |    11 |    11 ||    22
       Kick              |     7 |     6 ||    13
       Punch             |     4 |       ||     4
       Dagger            |    40 |    95 ||   135
 Cast: Beastly Appendage |    15 |     8 ||    23
       Wereblood         |     2 |     7 ||     9
  Use: Scroll            |       |     6 ||     6
 Stab: Sleeping          |     3 |     5 ||     8
Armor: Robe              |     5 |     7 ||    12
Dodge: Dodged            |    35 |    42 ||    77

Table legend: (Time is in decaauts)
 A = Elapsed time spent in this place.
 B = Non-inter-level travel time spent in this place.
 C = Inter-level travel time spent in this place.
 D = Time resting spent in this place.
 E = Time spent auto-exploring this place.
 F = Levels seen in this place.
 G = Mean time per level.
                   A        B        C        D        E       F      G
               +--------+--------+--------+--------+--------+-----+--------+
         Total |   2649 |   2485 |    164 |      0 |   1824 |   4 |  662.2 |
       Dungeon |   2375 |   2211 |    164 |      0 |   1715 |   3 |  791.7 |
         Sewer |    273 |    273 |      0 |      0 |    109 |   1 |  273.0 |
               +--------+--------+--------+--------+--------+-----+--------+

Top non-repeatable levels by time:
     D:1: 1218 daAuts
     D:2: 906 daAuts
   Sewer: 273 daAuts
     D:3: 251 daAuts
